Map: Usina Ácida LE

Players

IagoAbreu - Winner!

  • Race: Zerg Zerg
  • League: Gold
  • Spawn Location: 5:00

Crazycop

  • Race: Terran Terran
  • League: Gold
  • Spawn Location: 11:00

VOD

Have the link to the VOD?

Description

Time

  • Played on: May 13, 2018, 2:14 p.m.
  • Length: 10:26
Show
View Real Time Build Order
Export as new Build Order

IagoAbreu Zerg - Winner!

Build Orders: Pool First 

Get SALT Encoding   

  12  0:01  Drone  
  13  0:13  Overlord  
  13  0:18  Drone  
  14  0:23  Extractor  
  14  0:25  Drone  
  14  0:33  Drone  
  15  0:38  Drone  
  16  0:50  Spawning Pool  
  16  0:53  Drone  
  16  1:02  Drone  
  17  1:30  Hatchery  
  17  1:32  Evolution Chamber  
  15  1:33  Drone  
  15  1:36  Drone  
  15  1:39  Drone  
  18  2:01  Roach Warren  
  17  2:06  Zerg Melee Weapons Level 1  
  18  2:21  Drone  
  19  2:24  Queen  
  19  2:25  Overlord  
  21  2:35  Metabolic Boost  
  21  2:44  Zergling x2  
  21  2:45  Queen  
  24  2:57  Zergling x2  
  25  3:05  Zergling x6  
  27  3:11  Zergling x2  
  28  3:19  Zergling x2  
  28  3:27  Zergling x2  
  25  4:03  Zerg Missile Weapons Level 1  
  24  4:12  Overlord  
  24  4:13  Overlord  
  24  4:15  Zergling x6  
  27  4:20  Roach Warren  
  27  4:21  Extractor  
  24  4:28  Queen  
  24  4:30  Hatchery  
  24  4:48  Drone x4  
  28  4:59  Drone  
  29  5:16  Drone  
  29  5:19  Zergling x8  
  33  6:01  Queen  
  35  6:05  Lair  
  35  6:10  Drone x2  
  35  6:11  Drone  
  38  6:12  Hatchery  
  38  6:17  Roach x4  
  38  6:18  Roach x3  
  51  7:02  Zerg Ground Armor Level 1  
  51  7:17  Overlord x2  
  51  7:18  Overlord x2  
  51  7:30  Hydralisk Den  
  51  7:31  Drone  
  51  7:33  Drone x6  
  51  7:34  Drone  
  58  7:38  Roach x2  
  58  7:39  Roach x2  
  58  7:44  Roach  
  68  8:00  Ravager x3  
  68  8:01  Ravager x4  
  75  8:11  Spore Crawler  
  74  8:23  Spore Crawler  
  73  8:30  Drone x3  
  76  8:34  Extractor  
  76  8:37  Hydralisk x5, Extractor  
  84  8:41  Zergling x8  
  84  8:43  Zergling x2  
  89  9:13  Drone  
  89  9:15  Overlord  
  89  9:16  Overlord x3  
Show
View Real Time Build Order
Export as new Build Order

Crazycop Terran 

Build Orders:  

Get SALT Encoding   

  12  0:02  SCV  
  13  0:17  SCV  
  14  0:38  Supply Depot  
  14  0:41  SCV  
  15  0:49  Refinery  
  15  0:59  SCV, Refinery  
  16  1:11  SCV  
  16  1:12  Barracks  
  17  1:23  SCV  
  18  1:36  SCV  
  19  1:44  Barracks  
  19  1:48  SCV  
  20  2:00  SCV  
  21  2:06  Marine  
  22  2:12  SCV, Supply Depot  
  23  2:34  SCV  
  23  2:35  Marine  
  23  2:36  Marine  
  26  2:45  Bunker  
  26  2:46  SCV  
  27  2:53  Marine  
  27  2:54  Marine  
  29  3:11  Marine x2  
  18  3:48  SCV  
  18  4:00  SCV  
  19  4:12  SCV  
  12  4:24  SCV  
  12  4:36  SCV  
  13  4:53  SCV  
  14  5:06  SCV  
  15  5:13  Factory  
  15  5:18  SCV  
  16  5:30  SCV  
  17  5:42  SCV  
  18  5:47  Marine x2  
  19  5:54  SCV  
  19  6:05  Cyclone  
  19  6:06  SCV  
  23  6:18  SCV  
  24  6:30  SCV  
  25  6:39  Marine x2  
  27  6:42  SCV  
  27  6:46  Factory Tech Lab  
  28  6:54  SCV, Supply Depot  
  29  7:06  Marine x2  
  31  7:16  SCV, Siege Tank  
  31  7:20  Supply Depot  
  35  7:28  SCV, Marine  
  37  7:30  Marine  
  38  7:40  SCV  
  39  7:48  Siege Tank  
  42  7:57  Supply Depot  
  42  8:04  SCV  
  43  8:12  Marine  
  43  8:13  Marine  
  43  8:16  SCV  
  46  8:20  Siege Tank  
  49  8:30  Marine  
  49  8:31  Marine  
  51  9:05  Command Center  
  51  9:20  Siege Tank  
  51  9:23  Marine  
  55  9:48  Orbital Command  
Tags
 
Add a new tag
Caveats
  • Supply blocks, unpowered buildings, or Contaminate may cause inaccurate times.
  • Supply counts are checked every 10 seconds.